 Dungeon Crawl Stone Soup version 0.28-a0-8-g6e044cfa68 (webtiles) character file.

Game seed: 11953381309875083353

178 MovingMist the Covered (level 5, -6/33 HPs)
             Began as a Gargoyle Fighter on July 24, 2021.
             Mangled by Menkaure (16 damage)
             ... on level 3 of the Dungeon.
             The game lasted 00:04:27 (3732 turns).

MovingMist the Covered (Gargoyle Fighter)           Turns: 3732, Time: 00:04:28

Health: -6/33      AC: 15    Str: 19    XL:     5   Next: 58%
Magic:  5/5        EV:  4    Int:  9    God:
Gold:   92         SH:  0    Dex: 10    Spells: 4/4 levels left

rFire   . . .      SeeInvis .   m - +2 flail (drain)
rCold   . . .      Faith    .   c - +0 kite shield
rNeg    + . .      Spirit   .   b - +0 plate armour
rPois   ∞          Reflect  .   (no helmet)
rElec   +          Harm     .   (no cloak)
rCorr   .          Rampage  .   (no gloves)
Will    .....                   (no boots)
Stlth   ..........              (no amulet)
HPRegen 0.11/turn               (no ring)
MPRegen 0.09/turn               (no ring)

@: confused
A: sickness immunity, AC +4, negative energy resistance 1, electricity
resistance, torment resistance 1, petrification resistance
a: no special abilities


You were on level 3 of the Dungeon.
You visited 1 branch of the dungeon, and saw 4 of its levels.

You collected 92 gold pieces.

Inventory:

Hand Weapons
 m - a +2 flail of draining (weapon)
Armour
 b - a +0 plate armour (worn)
 c - a +0 kite shield (worn)
 i - a +3 ring mail of fire resistance
Jewellery
 j - a ring of flight
Scrolls
 e - 5 scrolls of identify {unknown}
 f - a scroll of vulnerability {unknown}
 l - a scroll of immolation {unknown}
Potions
 d - a potion of might
 g - a potion of haste {unknown}
 h - a potion of lignification {unknown}
 k - a potion of brilliance {unknown}


   Skills:
 + Level 4.1 Fighting
 + Level 3.0 Maces & Flails
 + Level 4.1 Armour
 * Level 2.5 Dodging
 - Level 3.2 Shields


You had 4 spell levels left.
You didn't know any spells.
Your spell library contained the following spells:

 Spells                   Type           Power      Damage    Failure   Level
 Sandblast                Erth           0%         2d4       100%        1
 Passwall                 Tmut/Erth      0%         N/A       100%        2
 Lee's Rapid Deconstruct  Erth           0%         3d5*      100%        5


Dungeon Overview and Level Annotations

Branches:
Dungeon (4/15)
 Temple: D:4-7

Altars:

Shops:
D:1 *

Annotations:
D:3 Menkaure


Innate Abilities, Weirdness & Mutations

You are immune to sickness and miasma.
Your stone body is resilient. (AC +4)
You are immune to poison.
You resist negative energy. (rN+)
You are resistant to electric shocks. (rElec)
You are resistant to unholy torment.
You are immune to petrification.


Message History

Something hits you.
The orc wizard gestures at you while chanting.
You are confused.
Menkaure, Prince of Dust comes into view.
Menkaure murmurs a few words.
The goblin hits you but does no damage. The goblin barely misses you.
Menkaure rustles, "Let me perform the rites..."
The goblin hits you but does no damage.
You feel less confused.
Menkaure wails, "Why can't you leave me to my rest?"
There is a stone staircase leading up here.
You can't go down here!
Something hits you. Menkaure barely misses you.
The orc wizard points at you and mumbles some strange words.
The puff of flame hits something!
The goblin hits you but does no damage.
You climb upwards.
Reactivating autopickup.
There is a stone staircase leading down here.
You hit Menkaure.
Menkaure is moderately damaged.
You hear some strange, mumbled words.
Deactivating autopickup; reactivate with Ctrl-A.
You are confused.
The goblin hits you but does no damage.
Menkaure calls on the powers of darkness!
Something is bathed in an unholy light!
Your body is wracked with pain!
The goblin convulses!
You bump into the rock wall.
Something hits you but does no damage. The goblin hits you but does no damage.
Menkaure hits you!
You bump into the rock wall.
You hear some strange, mumbled words.
A magic dart appears from out of thin air!
The magic dart hits you. The goblin hits you but does no damage.
Menkaure barely misses you.
You closely miss Menkaure.
Menkaure is moderately damaged.
Something hits you but does no damage. The goblin hits you but does no damage.
Something hits you but does no damage. Menkaure hits you!
You die...

#..#####..#.#.##########.#
#.)# #..#.#.# #.# #.[#
#..#.#.# #.# #..#
##....#÷# #.# #..#
#....##.# #.# #..#
#..#)##.# #.# #..#
#..#.##.# #.# #..#
#..#.##g# #.#
#..####.....#@# #.#####
#...........M{# #.....<
##..........##### ##.....
######.##.##...# #.####
#>........# #.#
#######...# #.# ##..# #.#
#..# #.# #..# #.####


You could see Menkaure and a goblin.

Vanquished Creatures
  An orc priest (D:2)
  An orc wizard (D:2)
  A hound skeleton (D:3)
  4 adders
  A white imp (D:3)
  2 worms
  2 dart slugs
  5 orcs
  5 endoplasms
  2 giant cockroaches
  4 goblins
  6 hobgoblins
  5 jackals
  2 quokkas
  4 ball pythons
  6 bats
  A kobold (D:2)
52 creatures vanquished.

Notes
Turn   | Place    | Note
-------+----------+-------------------------------------------
     0 | D:1      | MovingMist the Gargoyle Fighter began the quest for the
                  | Orb.
     0 | D:1      | Reached XP level 1. HP: 14/14 MP: 1/1
    62 | D:1      | Reached XP level 2. HP: 10/19 MP: 2/2
   544 | D:1      | Found Etegg's Assorted Antiques.
   556 | D:1      | Reached skill level 1 in Dodging
  1041 | D:2      | Reached XP level 3. HP: 18/23 MP: 3/3
  1701 | D:2      | Reached XP level 4. HP: 22/29 MP: 4/4
  2642 | D:2      | Reached XP level 5. HP: 13/33 MP: 5/5
  2890 | D:3      | Found a faded altar of an unknown god.
  3722 | D:4      | Noticed Menkaure
  3732 | D:3      | Mangled by Menkaure

Illustrated notes

Levels and vault maps discovered:
D:1:      eino_arrival_water_cross, layout_loops_ring, serial_shops,
          nicolae_shop_waterfront
D:2:      layout_rooms
D:3:      layout_loops_ring, hellmonk_ecumenical_altar_arch_garden
D:4:      gammafunk_cloud_chamber, layout_gridville, minmay_temple_entry_grid,
          minmay_diced_spiral, uniq_duvessa, uniq_menkaure

Skill      XL: |  1  2  3  4  5 |
---------------+----------------+-----
Dodging        | 1 2 |  2.5
Fighting       | 4 |  4.1
Armour         | 4 |  4.1
Maces & Flails | 3 |  3.0
Shields        | |  3.2

Action                   |  1- 3 |  4- 6 || total
-------------------------+-------+-------++-------
Melee: Flail             |    99 |   137 ||   236
Armor: Scale mail        |    58 |       ||    58
       Ring mail         |    12 |       ||    12
       Plate armour      |     7 |   139 ||   146
Dodge: Dodged            |    49 |    30 ||    79
Block: Kite shield       |    70 |    79 ||   149

Table legend: (Time is in decaauts)
 A = Elapsed time spent in this place.
 B = Non-inter-level travel time spent in this place.
 C = Inter-level travel time spent in this place.
 D = Time resting spent in this place.
 E = Time spent auto-exploring this place.
 F = Levels seen in this place.
 G = Mean time per level.
                   A        B        C        D        E       F      G
               +--------+--------+--------+--------+--------+-----+--------+
         Total |   3854 |   3782 |     72 |   1309 |   1873 |   4 |  963.5 |
       Dungeon |   3854 |   3782 |     72 |   1309 |   1873 |   4 |  963.5 |
               +--------+--------+--------+--------+--------+-----+--------+

Top non-repeatable levels by time:
     D:2: 1826 daAuts
     D:1: 1058 daAuts
     D:3: 954 daAuts
     D:4: 14 daAuts
